 Dungeon Crawl Stone Soup version 0.26.0-5-gb5863c6483 (webtiles) character file.

Game seed: 10835383609398105049

366844 Froggeryz the Slayer (level 22, -9/175 HPs)
             Began as a Gargoyle Wanderer on Jan 10, 2021.
             Was the Champion of Okawaru.
             Mangled by a vault warden
             ... wielding a +0 great sword
              (35 damage)
             ... on level 4 of the Vaults.
             The game lasted 01:22:09 (45131 turns).

Froggeryz the Slayer (Gargoyle Wanderer)           Turns: 45131, Time: 01:22:10

Health: -9/175     AC: 57    Str: 24    XL:     22   Next: 57%
Magic:  33/33      EV:  5    Int: 12    God:    Okawaru [******]
Gold:   2896       SH: 19    Dex: 22    Spells: 27/32 levels left

rFire    + + .     SeeInvis +   P - +8 eveningstar
rCold    + . .     Faith    .   z - +2 kite shield of Inov Sadgh {rF+ Regen+}
rNeg     + . .     Spirit   .   a - +0 crystal plate armour
rPois    ∞         Reflect  .   D - +1 helmet {SInv}
rElec    +         Harm     .   S - scarf {rC+ rF+}
rCorr    .         Rampage  .   n - +2 pair of gloves of the Evil One {Dex+5}
Will     ++...                  k - +5 pair of boots of Ashenzari's Hope {Dex+5}
Stlth    ..........             J - amulet of Vitality {Regen+ HP+15}
HPRegen  1.19/turn              i - ring of willpower
MPRegen  0.23/turn              U - ring of the Tortoise {AC+8}

@: about to teleport, studying Staves
A: big wings, negative energy resistance 1, electricity resistance, unbreathing,
petrification resistance, miasma immunity, AC +16
}: 2/15 runes: serpentine, barnacled
a: Fly, Renounce Religion, Heroism, Finesse


You were on level 4 of the Vaults.
You worshipped Okawaru.
Okawaru was exalted by your worship.
You visited 7 branches of the dungeon, and saw 37 of its levels.
You also visited: Ossuary, Bailey and Gauntlet.

You collected 4164 gold pieces.
You spent 1268 gold pieces at shops.

Inventory:

Hand Weapons
 P - a +8 eveningstar (weapon)
 R - the +10 flail of Durable Tenacity {venom, rPois Str+9 Int+3 Dex-2}
   (You found it on level 6 of the Lair of Beasts)

   It poisons the flesh of those it strikes.
   It affects your strength (+9).
   It affects your intelligence (+3).
   It affects your dexterity (-2).
   It protects you from poison.
Missiles
 v - 5 curare-tipped darts
 x - 90 javelins
 O - 23 silver javelins (quivered)
Armour
 a - a +0 crystal plate armour (worn)
 k - the +5 pair of boots of Ashenzari's Hope (worn) {Dex+5}
   (You acquired it on level 13 of the Dungeon)

   It affects your dexterity (+5).
 n - the +2 pair of gloves of the Evil One (worn) {Dex+5}
   (You found it on level 4 of the Shoals)

   It affects your dexterity (+5).
 z - the +2 kite shield of Inov Sadgh (worn) {rF+ Regen+}
   (You bought it in a shop on level 3 of the Vaults)

   It protects you from fire.
   It increases your rate of regeneration.
 A - a +0 tower shield of protection
 D - a +1 helmet of see invisible (worn)
 K - a +2 pair of gloves of strength
 S - a scarf of resistance (worn)
Jewellery
 i - a ring of willpower (left hand)
 q - the ring of Coronation {+Fly rF- rC+++ Str+3 Stlth+}
   (You found it in a Gauntlet)

   [ring of stealth]

   It affects your strength (+3).
   It makes you vulnerable to fire.
   It renders you almost immune to cold.
   It lets you fly.
   It makes you more stealthy.
 J - the amulet of Vitality (around neck) {Regen+ HP+15}
   (You took it off a minotaur in a Gauntlet)

   [amulet of regeneration]

   It affects your health (+15).
   It increases your rate of regeneration.
 N - an uncursed ring of protection from fire
 U - the ring of the Tortoise (right hand) {AC+8}
   (You found it on level 6 of the Lair of Beasts)

   [ring of protection]

   It affects your AC (+8).
Wands
 m - a wand of iceblast (17)
 y - a wand of acid (34)
 X - a wand of flame (7)
Scrolls
 c - 11 scrolls of magic mapping
 f - 21 scrolls of remove curse
 g - 3 scrolls of summoning
 h - 9 scrolls of teleportation
 o - 5 scrolls of immolation
 s - 2 scrolls of silence
 w - a scroll of blinking
 C - 5 scrolls of identify
 H - 2 scrolls of holy word
 L - 3 scrolls of fear
 M - 2 scrolls of fog
 Y - 7 scrolls of enchant armour
Potions
 b - a potion of flight
 d - a potion of resistance
 e - 14 potions of curing
 j - 9 potions of ambrosia
 l - 2 potions of brilliance
 p - 5 potions of cancellation
 r - 2 potions of attraction
 t - 6 potions of mutation
 B - 5 potions of haste
 I - 7 potions of might
 V - 8 potions of heal wounds
Books
 T - a manual of Staves
Miscellaneous
 u - a condenser vane
 F - a phantom mirror


   Skills:
 - Level 23.0 Fighting
 - Level 16.3 Maces & Flails
 - Level 3.0 Bows
 - Level 7.1 Throwing
 - Level 10.2 Armour
 - Level 1.1 Stealth
 + Level 20.9 Shields
 - Level 5.5 Spellcasting
 - Level 1.1 Conjurations
 - Level 5.0 Translocations
 - Level 15.0 Invocations


You had 27 spell levels left.
You knew the following spells:

 Your Spells              Type           Power        Failure   Level
a - Blink                 Tloc           N/A          88%         2
b - Lesser Beckoning      Tloc           7%           98%         3

Your spell library contained the following spells:

 Spells                   Type           Power        Failure   Level
 Apportation              Tloc           30%          77%         1
 Gell's Gravitas          Tloc           7%           98%         3
 Magic Dart               Conj           20%          99%         1
 Animate Skeleton         Necr           6%           100%        1
 Beastly Appendage        Tmut           6%           100%        1
 Corona                   Hex            3%           100%        1
 Foxfire                  Conj/Fire      16%          100%        1
 Sting                    Tmut/Pois      12%          100%        1
 Summon Small Mammal      Summ           12%          100%        1
 Call Imp                 Summ           3%           100%        2
 Ensorcelled Hibernation  Hex/Ice        6%           100%        2
 Poisonous Vapours        Pois/Air       6%           100%        2
 Searing Ray              Conj           10%          100%        2
 Slow                     Hex            3%           100%        2
 Wereblood                Tmut           3%           100%        2
 Call Canine Familiar     Summ           3%           100%        3
 Confusing Touch          Hex            3%           100%        3
 Conjure Flame            Conj/Fire      4%           100%        3
 Dazzling Flash           Conj/Hex       8%           100%        3
 Ignite Poison            Fire/Tmut/Pois 3%           100%        3
 Inner Flame              Hex/Fire       3%           100%        3
 Mephitic Cloud           Conj/Pois/Air  4%           100%        3
 Spider Form              Tmut/Pois      1%           100%        3
 Summon Guardian Golem    Hex/Summ       3%           100%        3
 Tukima's Dance           Hex            3%           100%        3
 Cause Fear               Hex            1%           100%        4
 Fulminant Prism          Conj/Hex       2%           100%        4
 Ice Form                 Ice/Tmut       3%           100%        4
 Iskenderun's Mystic Bla  Conj/Tloc      10%          100%        4
 Olgreb's Toxic Radiance  Pois           3%           100%        4
 Petrify                  Tmut/Erth      3%           100%        4
 Sticky Flame             Conj/Fire      4%           100%        4
 Summon Ice Beast         Ice/Summ       3%           100%        4
 Summon Lightning Spire   Summ/Air       3%           100%        4
 Blade Hands              Tmut           1%           100%        5
 Borgnjor's Vile Clutch   Necr/Erth      1%           100%        5
 Fireball                 Conj/Fire      2%           100%        5
 Metabolic Englaciation   Hex/Ice        1%           100%        5
 Silence                  Hex/Air        1%           100%        5
 Yara's Violent Unravell  Hex/Tmut       1%           100%        5
 Freezing Cloud           Conj/Ice/Air   2%           100%        6
 Ozocubu's Refrigeration  Ice            1%           100%        6
 Shadow Creatures         Summ           N/A          100%        6
 Simulacrum               Ice/Necr       1%           100%        6
 Discord                  Hex            1%           100%        8


Dungeon Overview and Level Annotations

Branches:
Dungeon (15/15)            Temple (1/1) D:6            Lair (6/6) D:9
 Shoals (4/4) Lair:3        Snake (4/4) Lair:3        Slime (0/5) Lair:5
    Orc (2/2) D:9             Elf (0/3) Orc:2        Vaults (4/5) D:13
  Crypt (0/3) Vaults:2     Depths (0/5) D:15        Ossuary (visited)
 Bailey (visited)         Gauntlet (visited)

Altars:
Ashenzari
Cheibriados
Dithmenos
Elyvilon
Fedhas
Gozag
Hepliaklqana
Kikubaaqudgha
Makhleb
Nemelex Xobeh
Okawaru
Qazlal
Ru
Sif Muna
Trog
Uskayaw
Vehumet
Wu Jian
Xom
Yredelemnul
Zin
The Shining One
Jiyva

Shops:
Orc:1 :   Orc:2 [:*?   Shoals:3 }   Snake:4 }[(   Vaults:3 }[:(

Portals:
Pandemonium: Orc:2
Trove: Vaults:2 (give +4 ice dragon scales)

Annotations:
D:3 1 runed translucent door, mokwee's ghost, amateur OpVM
D:6 1 runed translucent door, mokwee's ghost, novice HaBe
D:13 1 runed translucent door


Innate Abilities, Weirdness & Mutations

You are resistant to torment.
Your stone body is resilient. (AC +16)
You are immune to poison.
Your large and strong wings let you fly indefinitely.
You resist negative energy. (rN+)
You are resistant to electric shocks. (rElec)
You can survive without breathing.
You are immune to petrification.
You are immune to miasma.


Message History

You bludgeon the vault warden!!
The vault warden is heavily wounded.
You block the harpy's attack. The harpy claws you!
* * * LOW HITPOINT WARNING * * *
You block the vault warden's attack.
You impale the vault warden!!
The vault warden is severely wounded.
You block the harpy's attack. x2
The ironheart preserver hits you but does no damage.
You barely miss the vault warden.
The vault warden is severely wounded.
You block the vault warden's attack. You block the harpy's attack.
The harpy claws you but does no damage.
You hit the vault warden.
The vault warden is severely wounded.
The harpy barely misses you. The harpy claws you but does no damage.
The ironheart preserver hits you with a +0 great mace!
* * * LOW HITPOINT WARNING * * *
The vault warden hits you with a +0 great sword!!
You die...

#......# #.........# #......#
#.........# #...)..# #.........'
#......# #.....>...# #......#
#.........# ###+########
#.........# #.......H..#
#.........# #......p)p.#
#.........# #......[@[.#
#.........#
#...(..$)))#####''#######
#########........)[+...[.......##
......)(+)[.(.....)#)..........##
......))#).........#...........#
##'###..############...........#
.....#..# #...........##
.....#..############...........#.
.....#..#..........#...........#.


You could see an ironheart preserver (strong), a vault warden (strong) and a
harpy (strong).

Vanquished Creatures
  Bai Suzhen (Shoals:3)
  Saint Roka (Snake:2)
  Vashnia (Snake:4)
  A lich (Vaults:4)
  A tentacled monstrosity (Vaults:4)
  4 titans
  Rupert (D:15)
  A sphinx (Vaults:3)
  2 krakens
  Gastronok (Lair:1)
  5 shadow dragons (Vaults:4)
  Donald (Vaults:2)
  10 nagarajas
  4 tengu reavers
  2 frost giants
  A fire giant (Vaults:3)
  11 vault wardens
  A large abomination (Vaults:4)
  15 ironheart preservers
  2 very ugly things (Vaults:4)
  3 stone giants
  A minotaur (Gauntlet)
  2 deep elf annihilators
  6 merfolk javelineers
  Snorg (D:14)
  5 ettins (Vaults:4)
  3 deep elf death magi
  8 merfolk impalers (Shoals:4)
  Josephine (D:14)
  9 yaktaur captains
  9 ogre magi
  32 vault guards
  3 boulder beetles
  A hell beast (Gauntlet)
  9 hydras
  3 rakshasas
  17 naga warriors
  2 great orbs of eyes
  6 merfolk avatars
  An ice dragon (Vaults:1)
  6 anacondas
  2 alligator snapping turtles (Shoals:4)
  3 death knights
  8 merfolk aquamancers
  A death scarab (Gauntlet)
  A satyr (Shoals:2)
  A deep troll earth mage (Vaults:1)
  31 two-headed ogres
  3 centaur warriors
  2 deep troll shamans
  7 orc high priests (Orc:2)
  8 death yaks
  16 naga sharpshooters
  Nergalle (D:10)
  10 shock serpents
  3 salamander mystics (Snake:4)
  4 hell knights (Vaults:4)
  2 shadow wraiths
  12 skeletal warriors
  6 deep trolls
  An infernal demonspawn (Orc:2)
  17 sea snakes
  A gelid demonspawn (Orc:2)
  4 unseen horrors
  6 wizards
  5 naga ritualists
  2 flayed ghosts
  15 orc knights
  2 glowing orange brains
  2 phantasmal warriors
  3 necromancers
  3 deep elf archers
  13 ironbrand convokers
  22 harpies
  3 mana vipers
  A wolf spider (Vaults:3)
  14 manticores
  9 deep elf magi
  8 salamanders
  A stone giant zombie (Vaults:4)
  27 ugly things
  An oklob plant (Lair:1)
  5 fauns
  4 cyclopes
  6 merfolk sirens
  A stone giant skeleton (Vaults:2)
  14 elephants
  A black mamba (shapeshifter) (Vaults:4)
  8 orc sorcerers
  A fire giant skeleton (Vaults:2)
  2 guardian serpents
  A salamander (shapeshifter) (D:15)
  A rust devil (Orc:2)
  A torpor snail (Lair:5)
  28 black mambas
  2 guardian serpents (shapeshifter) (Vaults:4)
  A torpor snail (shapeshifter) (Vaults:4)
  24 naga magi
  14 vault sentinels
  A storm dragon simulacrum (Vaults:1)
  13 water nymphs
  A gargoyle (D:13)
  A cane toad (shapeshifter) (Vaults:3)
  24 cane toads
  3 centaur skeletons
  A human zombie (Vaults:4)
  15 komodo dragons
  A komodo dragon (shapeshifter) (Vaults:4)
  28 yaktaurs
  7 rime drakes
  Maggie (D:6)
  A kobold demonologist (D:14)
  An ice devil (Gauntlet)
  5 freezing wraiths
  2 queen bees
  A red devil (Orc:2)
  A yaktaur skeleton (Vaults:2)
  4 human skeletons (Vaults:2)
  A meliai (shapeshifter) (D:12)
  2 queen bees (shapeshifter)
  7 trolls
  3 meliai (Lair:5)
  33 merfolk
  2 polar bears
  Grinder (D:3)
  5 wind drakes
  3 hornets
  5 tyrant leeches (Lair:6)
  4 snapping turtles
  16 dream sheep
  21 blink frogs
  22 slime creatures
  An ettin skeleton (Vaults:2)
  16 water elementals
  41 yaks
  10 wraiths
  5 wyverns
  A spriggan (Lair:6)
  2 steam dragons
  4 basilisks
  2 chaos spawn (Orc:2)
  9 humans (D:13)
  A spectral komodo dragon (Gauntlet)
  8 vampire mosquitoes
  3 wargs
  Menkaure (D:7)
  35 nagas
  A soldier ant (D:11)
  2 acid dragons
  25 water moccasins
  56 orc warriors
  2 black bears
  6 sky beasts
  A necrophage (D:12)
  5 ice beasts
  2 phantoms
  36 ogres
  A boggart (Vaults:1)
  18 centaurs
  14 wolves
  Blork the orc (D:5)
  2 big kobolds (D:11)
  28 bullfrogs
  A gnoll sergeant (D:5)
  An ogre simulacrum (Vaults:1)
  A glowing shapeshifter simulacrum (Vaults:4)
  A water moccasin skeleton (D:8)
  66 killer bees
  2 wights
  2 electric eels (Snake:4)
  3 howler monkeys
  2 quasits
  A centaur zombie (D:5)
  36 orc priests
  2 bullfrog skeletons
  7 hounds
  3 jellies
  36 orc wizards
  Jessica (D:3)
  Terence (D:4)
  Natasha (thrice) (D:3 D:4)
  3 iguanas
  6 hell rats (Lair:5)
  12 worker ants
  4 human simulacra
  2 hound skeletons
  A hound zombie (D:6)
  2 worker ant zombies
  8 mummies (Ossuary)
  Robin (D:3)
  A howler monkey zombie (D:9)
  6 gnolls
  20 adders
  2 shadow imps (D:5)
  6 white imps
  4 ufetubi
  3 oozes
  2 adder skeletons
  5 worms
  4 dart slugs
  3 leopard geckos
  123 orcs
  4 ball pythons
  10 bats
  5 giant cockroaches
  24 goblins
  7 hobgoblins
  19 jackals
  5 quokkas
  4 frilled lizards
  2 gnoll zombies (Ossuary)
  2 hobgoblin zombies (Ossuary)
  A jackal skeleton (D:6)
  A jackal zombie (D:5)
  26 kobolds
  2 kobold zombies (Ossuary)
  2 leopard gecko skeletons
  2 orc zombies (Ossuary)
  9 rats
  4 tentacles (Shoals:4)
1680 creatures vanquished.

Vanquished Creatures (collateral kills)
  Urug (Lair:4)
  A killer bee (D:9)
  A bullfrog (D:9)
  4 jackals (D:9)
7 creatures vanquished.

Vanquished Creatures (others)
  A fire giant (Vaults:4)
  A vault guard (D:13)
  A deep elf knight (Vaults:3)
  An unseen horror (D:14)
  A harpy (Shoals:3)
  A naga mage (Snake:4)
  3 killer bees (D:9)
  2 wights (D:9)
  2 orcs
  39 demonic plants (Gauntlet)
  46 fungi
  138 plants
  25 tentacles
  A withered plant (D:3)
262 creatures vanquished.

Grand Total: 1949 creatures vanquished

Notes
Turn   | Place    | Note
-------+----------+-------------------------------------------
     0 | D:1      | Froggeryz the Gargoyle Wanderer began the quest for the
                  | Orb.
     0 | D:1      | Froggeryz set off with the following items: a +0 shortbow,
                  | 25 arrows, a +0 robe; and the following spells available to
                  | memorise: Magic Dart, Apportation, Blink, Call Imp, Slow,
                  | Conjure Flame, Mephitic Cloud, Lesser Beckoning
     0 | D:1      | Reached XP level 1. HP: 10/10 MP: 3/3
    77 | D:1      | Reached skill level 1 in Fighting
   309 | D:1      | Reached XP level 2. HP: 12/17 MP: 5/5
   920 | D:1      | Reached skill level 2 in Fighting
   920 | D:1      | Reached skill level 1 in Maces & Flails
  1309 | D:2      | Reached XP level 3. HP: 17/21 MP: 6/6
  1636 | D:2      | Found an ancient bone altar of Kikubaaqudgha.
  1636 | D:2      | Found a blossoming altar of Fedhas.
  1969 | D:2      | Reached XP level 4. HP: 27/27 MP: 7/7
  2220 | D:3      | Noticed mokwee's ghost (amateur OpVM)
  2220 | D:3      | Noticed Jessica
  2221 | D:3      | Found a runed translucent door.
  2224 | D:3      | Killed Jessica
  2228 | D:3      | Reached skill level 3 in Fighting
  2258 | D:3      | Reached XP level 5. HP: 30/32 MP: 8/8
  2319 | D:3      | Noticed Terence
  2410 | D:3      | Learned a level 2 spell: Blink
  2517 | D:3      | Noticed Natasha
  2527 | D:3      | Killed Natasha
  2774 | D:3      | Noticed Robin
  2794 | D:3      | Killed Robin
  3111 | D:3      | Found a white marble altar of Elyvilon.
  3114 | D:3      | Noticed Natasha
  3258 | D:3      | Noticed Grinder
  3263 | D:3      | Paralysed by Grinder for 2 turns
  3278 | D:3      | Killed Grinder
  3279 | D:3      | Reached skill level 4 in Fighting
  3279 | D:3      | Reached skill level 5 in Maces & Flails
  3279 | D:3      | Reached XP level 6. HP: 39/39 MP: 9/9
  3756 | D:4      | Reached XP level 7. HP: 44/44 MP: 10/10
  4015 | D:4      | Found a sand-covered staircase.
  4024 | Ossuary  | Entered an ossuary
  4743 | D:4      | Found a snail-covered altar of Cheibriados.
  4860 | D:4      | Killed Natasha
  4878 | D:4      | Killed Terence
  4879 | D:4      | Reached skill level 5 in Fighting
  4976 | D:4      | Noticed Natasha
  4986 | D:4      | Killed Natasha
  5244 | D:4      | Found a hazy altar of Hepliaklqana.
  5269 | D:4      | Found a radiant altar of Vehumet.
  5269 | D:4      | Found a sparkling altar of Nemelex Xobeh.
  5506 | D:5      | Entered Level 5 of the Dungeon
  5795 | D:5      | Reached XP level 8. HP: 50/50 MP: 11/11
  5915 | D:5      | Found a basalt altar of Yredelemnul.
  6107 | D:5      | Noticed Blork the orc
  6120 | D:5      | Killed Blork the orc
  6803 | D:6      | Noticed mokwee's ghost (novice HaBe)
  6806 | D:6      | Found a runed translucent door.
  6813 | D:6      | Found a staircase to the Ecumenical Temple.
  6835 | D:6      | HP: 2/50 [orc priest/divine providence (11)]
  7040 | D:6      | Noticed Maggie
  7057 | D:6      | Killed Maggie
  7286 | D:5      | Reached XP level 9. HP: 34/54 MP: 12/12
  7796 | D:6      | Reached skill level 5 in Armour
  8538 | Temple   | Entered the Ecumenical Temple
  8647 | Temple   | Became a worshipper of Warmaster Okawaru
  9027 | D:6      | Reached skill level 10 in Maces & Flails
  9473 | D:7      | Noticed Menkaure
  9480 | D:7      | Killed Menkaure
  9610 | D:7      | Found a shimmering blue altar of Sif Muna.
 10149 | D:7      | Noticed a hornet
 10157 | D:7      | Killed a hornet
 10274 | D:7      | Reached * piety under Okawaru
 10758 | D:8      | Reached XP level 10. HP: 48/59 MP: 13/13
 11117 | D:8      | Found a shadowy altar of Dithmenos.
 11610 | D:9      | Noticed a two-headed ogre
 11620 | D:9      | Killed a two-headed ogre
 11620 | D:9      | Reached ** piety under Okawaru
 12063 | D:9      | Found a staircase to the Orcish Mines.
 12228 | D:9      | Found a bloodstained altar of Trog.
 12231 | D:9      | Found a stormy altar of Qazlal.
 12305 | D:9      | Reached *** piety under Okawaru
 12540 | D:9      | Found a staircase to the Lair.
 13167 | D:9      | Found a shimmering altar of Xom.
 13377 | Lair:1   | Entered Level 1 of the Lair of Beasts
 13384 | Lair:1   | Reached skill level 1 in Invocations
 13399 | Lair:1   | Noticed a cane toad
 13411 | Lair:1   | Killed a cane toad
 13498 | Lair:1   | Noticed Gastronok
 13990 | D:9      | Reached XP level 11. HP: 40/64 MP: 12/14
 14515 | Lair:1   | Reached **** piety under Okawaru
 14567 | Lair:1   | Killed Gastronok
 14567 | Lair:1   | Reached ***** piety under Okawaru
 14567 | Lair:1   | HP: 2/64 [water moccasin (6)]
 15026 | Lair:1   | Got a scorched ring mail
 15037 | Lair:1   | Identified the cursed +1 ring mail of Osalabb {Regen+ Str+2
                  | Int+3 Dex+4 Slay+3} (You found it on level 1 of the Lair of
                  | Beasts)
 15074 | Lair:1   | Reached skill level 5 in Invocations
 15231 | Lair:1   | Reached skill level 6 in Fighting
 15367 | Lair:1   | Noticed an oklob plant
 15391 | Lair:1   | Noticed a five-headed hydra
 15397 | Lair:1   | Killed a five-headed hydra
 15398 | Lair:1   | Reached skill level 7 in Fighting
 15684 | Lair:1   | Killed an oklob plant
 15757 | Lair:2   | Reached skill level 8 in Fighting
 15771 | Lair:2   | Reached XP level 12. HP: 46/74 MP: 15/15
 15936 | Lair:2   | Reached skill level 9 in Fighting
 15962 | Lair:2   | Reached ****** piety under Okawaru
 16180 | Lair:2   | Found an iron altar of Okawaru.
 16246 | Lair:2   | You fall into a shaft and drop 2 floors!
 16254 | Lair:4   | Noticed a four-headed hydra
 16363 | Lair:4   | Reached skill level 10 in Fighting
 16402 | Lair:4   | Killed a four-headed hydra
 16406 | Lair:4   | Received a gift from Okawaru
 16664 | Lair:4   | Reached skill level 11 in Fighting
 16773 | Lair:4   | Noticed a four-headed hydra
 16782 | Lair:4   | Killed a four-headed hydra
 16836 | Lair:4   | Noticed Urug
 16845 | Lair:4   | Killed Urug
 17227 | Lair:3   | Reached skill level 15 in Maces & Flails
 17248 | Lair:3   | Noticed a five-headed hydra
 17262 | Lair:2   | Killed a five-headed hydra
 17360 | Lair:3   | Reached skill level 12 in Fighting
 17362 | Lair:3   | Reached XP level 13. HP: 61/86 MP: 16/16
 17427 | Lair:3   | Found a staircase to the Snake Pit.
 18052 | Lair:3   | Found a staircase to the Shoals.
 18070 | Lair:3   | Reached skill level 13 in Fighting
 18408 | Lair:5   | Received a gift from Okawaru
 18753 | Lair:5   | Received a gift from Okawaru
 18968 | Lair:5   | Reached skill level 14 in Fighting
 19208 | Lair:5   | Gained mutation: Your large and strong wings let you fly
                  | indefinitely. [Gargoyle growth]
 19208 | Lair:5   | Reached XP level 14. HP: 70/96 MP: 17/17
 19216 | Lair:5   | Reached skill level 15 in Fighting
 19487 | Lair:5   | Found an opulent altar of Gozag.
 19570 | Lair:5   | Received a gift from Okawaru
 19596 | Lair:5   | Found a viscous altar of Jiyva.
 19596 | Lair:5   | Found a staircase to the Slime Pits.
 19892 | Lair:6   | Entered Level 6 of the Lair of Beasts
 19967 | Lair:6   | Reached skill level 1 in Shields
 20172 | Lair:6   | Reached skill level 5 in Shields
 20222 | Lair:6   | Received a gift from Okawaru
 20306 | Lair:6   | Received a gift from Okawaru
 20595 | Lair:6   | Found the ring of the Tortoise {AC+8}
 20650 | Lair:6   | Found the +9 staff of Olgreb {rPois∞}
 20661 | Lair:6   | Got a blackened flail
 20762 | Lair:6   | Identified the +10 flail of Durable Tenacity {venom, rPois
                  | Str+9 Int+3 Dex-2} (You found it on level 6 of the Lair of
                  | Beasts)
 20803 | Lair:6   | Received a gift from Okawaru
 21388 | Orc:1    | Entered Level 1 of the Orcish Mines
 21490 | Orc:1    | Reached XP level 15. HP: 101/104 MP: 18/18
 21632 | Orc:2    | Entered Level 2 of the Orcish Mines
 21901 | Orc:1    | Found Ygopiycw's Book Emporium.
 22024 | Orc:2    | Found a staircase to the Elven Halls.
 22259 | Orc:2    | Found Adiptocw's General Store.
 22260 | Orc:2    | Found Heath's Magic Scroll Boutique.
 22290 | Orc:2    | Reached skill level 16 in Fighting
 22324 | Orc:2    | Bought a scroll of teleportation for 45 gold pieces
 22324 | Orc:2    | Bought a scroll of teleportation for 45 gold pieces
 22326 | Orc:2    | Bought a scroll of teleportation for 36 gold pieces
 22326 | Orc:2    | Bought a scroll of enchant weapon for 90 gold pieces
 22326 | Orc:2    | Bought a scroll of magic mapping for 42 gold pieces
 22326 | Orc:2    | Bought a scroll of blinking for 90 gold pieces
 22375 | Orc:2    | Received a gift from Okawaru
 22518 | Orc:2    | Reached skill level 10 in Armour
 22525 | Orc:2    | Got a heavily runed scale mail {god gift}
 22614 | Orc:2    | Found Zuiqaf's Book Shoppe.
 22614 | Orc:2    | Found a one-way gate leading to the halls of Pandemonium.
 22614 | Orc:2    | Found Roarph Ypuask's Antique Armour Emporium.
 22941 | Orc:2    | Bought a glowing tower shield for 172 gold pieces
 22941 | Orc:2    | Identified the +2 scale mail "Tymuysiecs" {-Tele +Inv
                  | Int+8} (Okawaru gifted it to you on level 2 of the Orcish
                  | Mines)
 22943 | Orc:2    | Bought a faintly glowing scale mail for 207 gold pieces
 22943 | Orc:2    | Identified the cursed +1 scale mail of the Catamount {+Inv
                  | rPois rF-} (You bought it in a shop on level 2 of the
                  | Orcish Mines)
 22952 | Orc:2    | Learned a level 3 spell: Lesser Beckoning
 23020 | D:10     | Entered Level 10 of the Dungeon
 23331 | D:10     | Noticed Nergalle
 23337 | D:10     | Killed Nergalle
 23389 | D:10     | Reached skill level 5 in Throwing
 24236 | D:11     | Received a gift from Okawaru
 24308 | D:11     | Found a flagged portal.
 24317 | Bailey   | Entered a bailey
 24446 | Bailey   | Got an ancient kite shield
 24469 | Bailey   | Identified the cursed +0 kite shield of the Desert {*Contam
                  | rCorr Int+2 SInv} (You found it in a bailey)
 24755 | D:11     | Received a gift from Okawaru
 25337 | D:12     | You are sucked into a shaft and drop 3 floors!
 25337 | D:15     | Entered Level 15 of the Dungeon
 25400 | D:14     | Found a gate leading to a gauntlet.
 25405 | Gauntlet | Entered a Gauntlet
 25405 | Gauntlet | Found a transporter.
 25414 | Gauntlet | Found a transporter.
 25429 | Gauntlet | Found a transporter.
 25434 | Gauntlet | Found a transporter.
 25449 | Gauntlet | Found a transporter.
 25468 | Gauntlet | Found a transporter.
 25480 | Gauntlet | Found a transporter.
 25492 | Gauntlet | Found a transporter.
 25504 | Gauntlet | Found a transporter.
 25510 | Gauntlet | Found a transporter.
 25525 | Gauntlet | Found a transporter.
 25542 | Gauntlet | Found a transporter.
 25560 | Gauntlet | Found a transporter.
 25562 | Gauntlet | Found a transporter.
 25652 | Gauntlet | Found a transporter.
 25769 | Gauntlet | Found a transporter.
 25789 | Gauntlet | Found a transporter.
 25793 | Gauntlet | Found a transporter.
 25864 | Gauntlet | Got a vibrating golden ring
 25866 | Gauntlet | Identified the ring of Coronation {+Fly rF- rC+++ Str+3
                  | Stlth+} (You found it in a Gauntlet)
 25911 | Gauntlet | Got a smoking graven amulet
 25941 | Gauntlet | Reached XP level 16. HP: 97/112 MP: 22/22
 25980 | D:14     | Noticed Josephine
 25987 | D:14     | Killed Josephine
 25992 | D:14     | Reached skill level 17 in Fighting
 26190 | D:12     | Reached skill level 5 in Spellcasting
 26455 | D:13     | Found a gate to the Vaults.
 26477 | D:13     | Found a runed translucent door.
 26478 | D:13     | Found a glowing golden altar of the Shining One.
 26494 | D:13     | Got an ichor-stained kite shield
 26495 | D:13     | Identified the +1 kite shield "Cyhageyh" {Rampage rN+++
                  | Int+3 Dex-3} (You found it on level 13 of the Dungeon)
 26496 | D:13     | Identified the amulet of the King {rElec Regen+ Dex+2} (You
                  | found it in a Gauntlet)
 26662 | D:13     | Identified a scroll of acquirement
 26662 | D:13     | Acquired the +5 pair of boots of Ashenzari's Hope {Dex+5}
 27107 | D:14     | Reached skill level 1 in Translocations
 27175 | D:14     | Received a gift from Okawaru
 27415 | D:14     | Noticed Snorg
 27430 | D:14     | Killed Snorg
 27989 | D:15     | Noticed Rupert
 28003 | D:15     | Killed Rupert
 28003 | D:15     | Received a gift from Okawaru
 28127 | D:15     | Reached skill level 10 in Shields
 28192 | D:15     | Found a staircase to the Depths.
 28699 | Shoals:1 | Entered Level 1 of the Shoals
 29256 | Shoals:1 | You are sucked into a shaft and drop 1 floor!
 29589 | Shoals:2 | Noticed a kraken
 29714 | Shoals:2 | Killed a kraken
 29867 | Snake:1  | Entered Level 1 of the Snake Pit
 30296 | Snake:2  | Noticed a nagaraja
 30308 | Snake:2  | Killed a nagaraja
 30367 | Snake:2  | Reached skill level 5 in Translocations
 30527 | Snake:2  | Received a gift from Okawaru
 30573 | Snake:2  | Reached XP level 17. HP: 117/117 MP: 25/25
 30689 | Snake:2  | Noticed Saint Roka
 30707 | Snake:2  | Killed Saint Roka
 31922 | Snake:3  | Found a basalt altar of Yredelemnul.
 32302 | Snake:4  | Entered Level 4 of the Snake Pit
 32349 | Snake:3  | Reached skill level 15 in Shields
 32562 | Snake:3  | Received a gift from Okawaru
 32623 | Snake:4  | Found Duepoj's Antique Weapon Boutique.
 32623 | Snake:4  | Found Reymebic's Armour Shop.
 32646 | Snake:4  | Found Amnioma's Gadget Boutique.
 32704 | Snake:4  | Received a gift from Okawaru
 32849 | Snake:4  | Reached XP level 18. HP: 98/124 MP: 26/26
 32981 | Snake:4  | Received a gift from Okawaru
 33133 | Snake:4  | Noticed Vashnia
 33201 | Snake:4  | Killed Vashnia
 33412 | Snake:4  | Received a gift from Okawaru
 33769 | Snake:4  | Got a serpentine rune of Zot
 34048 | Shoals:2 | Received a gift from Okawaru
 34127 | Shoals:2 | Reached skill level 18 in Fighting
 34402 | Shoals:2 | You are sucked into a shaft and drop 1 floor!
 34503 | Shoals:3 | Found Focryses's Gadget Shop.
 34563 | Shoals:3 | Got a pitted plate armour
 34577 | Shoals:2 | Identified the +1 plate armour of the Bruised Heavens
                  | {Dex+4} (You found it on level 3 of the Shoals)
 35582 | Shoals:4 | Entered Level 4 of the Shoals
 35768 | Shoals:4 | Received a gift from Okawaru
 35817 | Shoals:4 | Reached XP level 19. HP: 54/132 MP: 27/27
 35973 | Shoals:4 | Noticed Bai Suzhen
 36022 | Shoals:3 | Killed Bai Suzhen
 36117 | Shoals:4 | Reached skill level 19 in Fighting
 36375 | Shoals:4 | Got a pair of ichor-stained gloves
 36381 | Shoals:4 | Identified the +2 pair of gloves of the Evil One {Dex+5}
                  | (You found it on level 4 of the Shoals)
 36592 | Shoals:4 | Found the +3 crown of Dyrovepreva {rElec Int+2 SInv}
 37095 | Shoals:4 | Received a gift from Okawaru
 37150 | Shoals:4 | Got a barnacled rune of Zot
 37608 | Vaults:1 | Entered Level 1 of the Vaults
 37635 | Vaults:1 | Received a gift from Okawaru
 37683 | Vaults:1 | Reached skill level 20 in Fighting
 38496 | Vaults:1 | Reached XP level 20. HP: 135/142 MP: 28/28
 39450 | Vaults:2 | Received a gift from Okawaru
 39856 | Vaults:2 | Found a portal to a secret trove of treasure.
 40414 | Vaults:2 | Reached skill level 21 in Fighting
 40620 | Vaults:2 | Received a gift from Okawaru
 40665 | Vaults:2 | Found a staircase to the Crypt.
 41011 | Vaults:3 | Found Aczaocad's Weapon Emporium.
 41411 | Vaults:3 | Noticed Donald
 41468 | Vaults:2 | Killed Donald
 41622 | Vaults:3 | Found Zoghiq's Book Shoppe.
 41647 | Vaults:3 | Received a gift from Okawaru
 41976 | Vaults:3 | Reached XP level 21. HP: 146/150 MP: 29/29
 41978 | Vaults:3 | Received a gift from Okawaru
 42370 | Vaults:3 | Received a gift from Okawaru
 42780 | Vaults:3 | Found Ofemeeto's Armour Shoppe.
 42787 | Vaults:3 | Bought the +2 kite shield of Inov Sadgh {rF+ Regen+} for
                  | 541 gold pieces
 42906 | Vaults:3 | Found Oclent's Gadget Boutique.
 42985 | Vaults:3 | Reached skill level 22 in Fighting
 42985 | Vaults:3 | Reached skill level 10 in Invocations
 43420 | Vaults:4 | Identified the cursed +0 dire flail of Ru's Displeasure
                  | {flame, *Noise +Fly Will+} (You found it on level 4 of the
                  | Vaults)
 44293 | Vaults:5 | Entered Level 5 of the Vaults
 44303 | Vaults:5 | Received a gift from Okawaru
 44303 | Vaults:5 | Received a gift from Okawaru
 44311 | Vaults:5 | Reached XP level 22. HP: 119/158 MP: 30/32
 44750 | Vaults:4 | Received a gift from Okawaru
 44816 | Vaults:4 | Reached skill level 23 in Fighting
 44830 | Vaults:4 | Reached skill level 15 in Invocations
 45131 | Vaults:4 | Mangled by a vault warden

Illustrated notes

Levels and vault maps discovered:
D:1:      dpeg_arrival_court, layout_basic, minmay_misc_feat_chi
D:2:      layout_basic, grunt_temple_overflow_growth_and_decay, serial_glass,
          glass_columns_b, glass_columns_a, glass_columns_a, glass_columns_b,
          glass_columns_a, glass_columns_c, minmay_tiny_reverse_x
D:3:      layout_basic, nicolae_overflow_hidden_temple, serial_undead,
          serial_undead_f, serial_undead_e, serial_undead_d, serial_undead_b,
          gammafunk_ghost_grave, uniq_robin, uniq_natasha, uniq_terence,
          uniq_jessica, uniq_grinder
D:4:      layout_basic, kennysheep_slug_shrine, gammafunk_temple_overflow_wave,
          nzn_hepliaklqana_mist_gate, nicolae_ossuary_entry_monument
D:5:      layout_gridville, yredelemnul_altar_generic, uniq_blork_the_orc
D:6:      layout_basic, minmay_temple_entry_slanted,
          hellmonk_ghost_happy_afterlife, minmay_diced_spiral, uniq_maggie
D:7:      layout_layer_cave, nicolae_overflow_crystal_walls,
          minmay_quadrilaterals, uniq_menkaure
D:8:      layout_loops_corners, lemuel_round_altar
D:9:      layout_gridville, lemuel_doored_altar,
          nicolae_qazlal_style_of_elements, lemuel_crystal_altar, orc_0_dummy,
          bh_circular_ruins
D:10:     layout_stronghold, minmay_fractal_squares_diagonal_5, uniq_nergalle
D:11:     layout_cave_pods, special_room [special_room_bee], enter_bailey_5
D:12:     layout_roguey
D:13:     statuecave_lemuel, layout_small_grid, ximxim_vaults_locker_room,
          lemuel_angel_altar
D:14:     layout_long_grid, wad_floor_pattern_untrapped, gauntlet_entry_generic,
          uniq_josephine, uniq_snorg
D:15:     grunt_enter_depths_snipers, layout_loops_ring, uniq_rupert
Temple:   nicolae_temple_figure_zero
Lair:1:   layout_concentric_octagons, beast_lair_carwin_8,
          minmay_lair_oklob_chamber, lemuel_fruit_tree, uniq_gastronok
Lair:2:   layout_loops_ring, basic_altar, chequers_serial_rivers_small_a,
          grunt_megastairs_3
Lair:3:   layout_small_grid, minmay_shoals_entry_lonely_mermaid,
          minmay_snake_entry_six_corridors
Lair:4:   layout_loops_ring, infiniplex_staircase_pool, uniq_urug
Lair:5:   regret_index_bee_streams, layout_cave_shapes, slime_altar_1,
          basic_altar, chequers_serial_rivers_micro_b,
          nicolae_quartered_pool_medium, cheibrodos_lair_caveside_slide,
          serial_bayou_shore_b
Lair:6:   minmay_lair_end_frog_pond, layout_loops_ring, serial_bayou_pond_d,
          grunt_forest_large_clearing_hut
Shoals:1: layout_shoals
Shoals:2: layout_shoals, abandoned_shop
Shoals:3: layout_shoals, serial_shops, nicolae_shop_stone
Shoals:4: shoals_end_hangedman, layout_shoals, nicolae_shoals_water_shrine,
          uniq_bai_suzhen
Snake:1:  layout_misc_corridors, special_room
Snake:2:  layout_layer_cave, uniq_saint_roka
Snake:3:  layout_gridlike, basic_altar, abandoned_shop
Snake:4:  snake_pit, layout_onion, serial_bayou_lagoon_b, serial_bayou_shore_b,
          minmay_shop_star, uniq_vashnia
Orc:1:    nicolae_orc_accident_1, layout_caves, serial_shops,
          nicolae_shop_behind_doors
Orc:2:    pf_orc_diabolical, layout_caves, nicolae_orc_tapped_out
Vaults:1: nicolae_vaults_what_the_h, serial_ice_g, nicolae_vaults_network_s,
          vaults_mumra_minichess, vaults_room_ringed_pool,
          ontoclasm_vaults_ligature, nicolae_vaults_angled_halls,
          vaults_room_door_ring, layout_vaults_omnigrid
Vaults:2: minmay_crypt_entry_skeletal_spiral, grunt_vaults_swirl,
          vaults_mumra_chevron, hangedman_vaults_river_flow,
          nicolae_vaults_rhombus_7, v_alt_pattern_3,
          nicolae_vaults_ninety_degrees, hangedman_vaults_restitches,
          hangedman_vaults_capsules, ontoclasm_vaults_fault, vaults_dpeg_hooks,
          layout_vaults_big_room, trove_entry_hex_spiral
Vaults:3: nicolae_vaults_border_crossing, grunt_vaults_hallway_long,
          ontoclasm_vaults_decontamination, hangedman_vaults_stream,
          vaults_standard_mumra_x, nicolae_vaults_little_ls,
          nicolae_vaults_big_ls, hangedman_vaults_stretched_pinwheel,
          vaults_mumra_hexcomb, vaults_room_corners, vaults_room_pool,
          ontoclasm_vaults_loading_screen, serial_ice_h,
          layout_vaults_big_cross, serial_shops, nicolae_shop_stone, shop, shop,
          nicolae_shop_stone, uniq_margery, uniq_donald
Vaults:4: grunt_vaults_funneled_arena, ontoclasm_vaults_tryst, v_misc_2,
          serial_ice_m, vaults_standard_mumra_enter_the_diamond, v_misc_5,
          grunt_vaults_hallway_short, v_misc_16, v_misc_17,
          vaults_room_stairs_pillars, layout_vaults_omnibox
Vaults:5: uniq_mennas

Skill      XL: |  1  2  3  4  5  6  7  8  9 10 11 12 13 14 15 16 17 18 19 20 21 22 |
---------------+-------------------------------------------------------------------+-----
Fighting       | 1 2 3 4 5 8 12 14 15 16 17 18 20 21 22 23 | 23.0
Maces & Flails | 1 2 3 5 6 8 10 12 14 15 16 | 16.3
Armour         | 4 7 8 9 10 | 10.2
Invocations    | 3 5 6 9 13 15 | 15.0
Shields        | 8 12 16 18 19 20 | 20.9
Throwing       | 2 6 7 |  7.1
Spellcasting   | 4 5 |  5.5
Translocations | 5 |  5.0
Bows           | |  3.0
Stealth        | |  1.1
Conjurations   | |  1.1

Action                   |  1- 3 |  4- 6 |  7- 9 | 10-12 | 13-15 | 16-18 | 19-21 | 22-24 || total
-------------------------+-------+-------+-------+-------+-------+-------+-------+-------++-------
Melee: Short sword       |   111 |       |       |       |       |       |       |       ||   111
       Long sword        |    24 |   120 |   187 |       |       |       |       |       ||   331
       Flail             |       |       |   303 |   620 |  1606 |   745 |       |       ||  3274
       Punch             |       |       |       |     5 |       |       |       |       ||     5
       Eveningstar       |       |       |       |       |       |   703 |  1814 |   304 ||  2821
 Fire: Shortbow          |    14 |       |       |       |       |       |       |       ||    14
Throw: Dart              |       |       |       |     3 |     2 |       |       |       ||     5
       Javelin           |       |       |       |       |       |       |     5 |     8 ||    13
 Cast: Lesser Beckoning  |       |       |       |       |       |     3 |     4 |       ||     7
Invok: Heroism           |       |       |       |     5 |       |     1 |     2 |     1 ||     9
       Finesse           |       |       |       |       |       |       |       |     1 ||     1
 Abil: Fly               |       |       |       |       |     1 |       |       |       ||     1
       Stop Flying       |       |       |       |       |       |       |     1 |       ||     1
Evoke: Wand              |       |       |     5 |     6 |       |     3 |       |       ||    14
       Phantom mirror    |       |       |       |     1 |       |     1 |       |       ||     2
       Condenser vane    |       |       |       |       |     1 |     1 |     1 |       ||     3
  Use: Potion            |       |     5 |     7 |     1 |       |     3 |       |       ||    16
       Scroll            |       |       |    15 |     8 |    15 |    23 |     6 |     1 ||    68
 Stab: Confused          |       |       |       |       |     5 |       |     1 |       ||     6
       Distracted        |       |       |       |       |       |     3 |       |       ||     3
       Sleeping          |       |       |       |       |       |     2 |       |       ||     2
Armor: Robe              |     9 |       |       |       |       |       |       |       ||     9
       Ring mail         |    64 |       |       |   181 |  1071 |  1032 |   611 |       ||  2959
       Scale mail        |    37 |    88 |   356 |   185 |       |       |       |       ||   666
       Skin              |       |     8 |       |       |       |       |       |       ||     8
       Crystal plate arm |       |       |       |       |       |       |   324 |   383 ||   707
Dodge: Dodged            |   106 |    75 |   286 |   288 |   829 |   552 |   403 |    75 ||  2614
Block: Buckler           |       |       |       |       |   291 |   331 |       |       ||   622
       Reflection        |       |       |       |       |       |    22 |       |       ||    22
       Kite shield       |       |       |       |       |       |   619 |  1459 |   393 ||  2471
       Rpst.: Long sword |     5 |    28 |    28 |       |       |       |       |       ||    61
